 Dungeon Crawl Stone Soup version 0.30.1-11-g7821555f0a (webtiles) character file.

Game seed: 4499309913570957199

24 MrIGI the Cudgeller (level 2, 0/29 HPs)
             Began as a Troll Berserker on Dec 12, 2023.
             Was a Follower of Trog.
             Slain by an orc
             ... wielding a +0 falchion
              (6 damage)
             ... while paralysed
             ... on level 2 of the Dungeon.
             The game lasted 00:02:41 (596 turns).

MrIGI the Cudgeller (Troll Berserker)                Turns: 596, Time: 00:02:42

Health: 0/29       AC:  4    Str: 22 (24) XL:     2   Next: 79%
Magic:  1/1        EV:  1    Int:  0 (3)  God:    Trog [*.....]
Gold:   81         SH:  0    Dex:  8 (9)  Spells: 1/1 levels left

rFire   . . .        a - +0 mace
rCold   . . .        (no shield)
rNeg    . . .        b - +0 animal skin
rPois   .            (helmet restricted)
rElec   .            (no cloak)
rCorr   .            (gloves unavailable)
SInv    .            (boots unavailable)
Will    .....        (no amulet)
Stlth   +            (no ring)
HPRegen 1.04/turn    (no ring)
MPRegen 0.07/turn

%: no passive effects
@: paralysed, on berserk cooldown, slowed, lost intelligence, unable to read
A: large, unfitting armour, claws 3, regeneration 1, shaggy fur 1, tough skin 1
a: Renounce Religion, Berserk


You were on level 2 of the Dungeon.
You worshipped Trog.
Trog was aware of your devotion.
You visited 1 branch of the dungeon, and saw 2 of its levels.

You collected 81 gold pieces.

Inventory:

Hand Weapons
 a - a +0 mace (weapon)
Armour
 b - a +0 animal skin (worn)
 f - a +0 chain mail
 m - a +2 pair of boots
Jewellery
 j - a ring of fire
Scrolls
 d - a scroll of torment {unknown}
 e - 2 scrolls of identify {unknown}
 g - 2 scrolls of fear {unknown}
 i - a scroll of teleportation {unknown}
 k - a scroll of amnesia {unknown}
Potions
 h - a potion of might {unknown}
 l - a potion of flight {unknown}


   Skills:
 + Level 2.7 Fighting
 + Level 3.1 Maces & Flails
 + Level 2.7 Dodging


You had one spell level left.
You didn't know any spells.
Your spell library was empty.

Dungeon Overview and Level Annotations

Branches:
Dungeon (2/15)

Altars:


Innate Abilities, Weirdness & Mutations

You are too large for most types of armour.
You have claws for hands.
Your natural rate of healing is unusually fast.
You are covered in fur. (AC +1)
You have tough skin. (AC +1)


Message History

You barely miss the ball python. The ball python closely misses you.
The orc closely misses you.
You sock the ball python!
You kill the ball python!
Trog accepts your kill. The rat barely misses you. The orc barely misses you.
The orc hits you with a +0 trident! The orc closely misses you.
You see here a ball python corpse.
You feel a strong urge to attack something.
The rat misses you.
The orc throws a silver boomerang.
The silver boomerang hits you.
The orc hits you from afar with a +0 trident.
Things that are here:
a +0 dagger; 10 gold pieces; a kobold corpse You feel your anger nearly subside.
You are no longer berserk.
You are exhausted.
You feel yourself slow down. The rat bites you but does no damage.
The orc hits you from afar with a +0 trident.
The orc hits you but does no damage.
You thump the rat!
You kill the rat!
Trog accepts your kill.
The orc throws a boomerang.
The boomerang barely misses you. The orc barely misses you.
The orc hits you with a +0 falchion.
* * * LOW HITPOINT WARNING * * *
The orc hits you with a +0 falchion.
* * * LOW HITPOINT WARNING * * *
The orc hits you but does no damage. The orc attacks as you move away!
The orc hits you but does no damage. The orc closely misses you.
Things that are here:
a +0 dagger; 10 gold pieces; a kobold corpse The orc attacks as you move away!
The orc hits you with a +0 falchion.
* * * LOW HITPOINT WARNING * * *
It was a potion of degeneration.
There was something very wrong with that liquid.
You feel weakened.
You feel dopey.
You have lost your intelligence.
You feel clumsy. The orc hits you with a +0 falchion.
You die...

#.###.# #.......#
#.....# #.......#
##.#### #.......#
#.# #.......# #.#
#......o# #.##
#...oo#
#..#######.###o#
##.#.##....# #o#
#.........###@#
#.#...........#
#.#.##.##.#.###
#..#.#.##.#.####...
#.###..##.#........
#.##
##.....#######. #..
#.###..# #.# #..
....# # #.(#####.#


You could see 5 orcs.

Vanquished Creatures
  A worm (D:2)
  3 ball pythons
  An endoplasm (D:1)
  2 giant cockroaches (D:1)
  2 goblins (D:1)
  4 hobgoblins
  A bat (D:1)
  2 frilled lizards (D:1)
  2 kobolds
  3 rats
21 creatures vanquished.

Notes
Turn   | Place    | Note
-------+----------+-------------------------------------------
     0 | D:1      | MrIGI the Troll Berserker began the quest for the Orb.
     0 | D:1      | Reached XP level 1. HP: 22/22 MP: 0/0
    56 | D:1      | Reached XP level 2. HP: 29/29 MP: 1/1
    59 | D:1      | Reached skill level 3 in Maces & Flails
   516 | D:1      | You fall into a shaft and drop 1 floor!
   596 | D:2      | Lost intelligence.
   596 | D:2      | Slain by an orc

Illustrated notes

Levels and vault maps discovered:
D:1:      tarquinn_simple_flora_water_e, layout_rooms
D:2:      layout_loops_cross, serial_shops, shop_coins, minmay_misc_feat_five,
          st_stairs_12, uniq_terence, uniq_jessica

Skill      XL: |  1  2 |
---------------+-------+-----
Maces & Flails | 3 |  3.1
Fighting       | |  2.7
Dodging        | |  2.7

Action                     || total
---------------------------++-------
  Melee: Mace              ||    60
         Punch             ||     2
 Invoke: Berserk           ||     1
    Use: Potion            ||     1
 Armour: Animal skin       ||    28
  Dodge: Dodged            ||    37
